 Seeded DCSS version 0.30-a0-738-g116ff8c4af (webtiles) character file.

Game seed: 5430720872467839093 (custom seed)

347 purpskrrrp the Gusty (level 6, -1/36 HPs)
             Began as an Octopode Air Elementalist on Feb 4, 2023.
             Slain by an orc wizard
             ... wielding a +0 dagger
              (3 damage)
             ... on level 4 of the Dungeon.
             The game lasted 00:09:15 (3653 turns).

purpskrrrp the Gusty (Octopode Air Elementalist)    Turns: 3653, Time: 00:09:16

Health: -1/36      AC:  1    Str: 18    XL:     6   Next: 59%
Magic:  18/19      EV: 12    Int: 18    God:
Gold:   1218       SH:  0    Dex: 11    Spells: 8/11 levels left

rFire   . . .      SeeInvis .    p - staff of air
rCold   + . .      Faith    .    l - +2 buckler of Knowledge {MP+9 Stlth+}
rNeg    . . .      Spirit   .    (helmet restricted)
rPois   .          Reflect  .    (no amulet)
rElec   +          Harm     .    i - +6 ring of strength
rCorr   .          Rampage  .    k - ring of protection from cold
Will    .....                    (no ring)
Stlth   +++                      (no ring)
HPRegen 0.26/turn                (no ring)
MPRegen 0.16/turn                (no ring)
                                 (no ring)
                                 (no ring)

@: confused
A: almost no armour, amphibious, 8 rings, camouflage 1, gelatinous body 1,
(nimble swimmer 1), tentacles, strong 1, MP-powered wands
a: no special abilities


You were on level 4 of the Dungeon.
You visited 1 branch of the dungeon, and saw 4 of its levels.

You collected 1218 gold pieces.

Inventory:

Missiles
 n - a throwing net
Armour
 l - the +2 buckler of Knowledge (worn) {MP+9 Stlth+}
   (You acquired it on level 2 of the Dungeon)

   MP:        It affects your magic capacity (+9).
   Stlth:     It makes you more stealthy.
Magical Staves
 p - a staff of air (weapon)
Jewellery
 i - a +6 ring of strength (left tentacle)
 k - a ring of protection from cold (right tentacle)
Wands
 g - a wand of mindburst (13)
 s - a wand of roots (5)
Scrolls
 b - a scroll of poison {unknown}
 d - 2 scrolls of amnesia
 o - a scroll of enchant armour
 q - a scroll of teleportation
 r - a scroll of silence {unknown}
Potions
 a - a potion of magic
 c - 2 potions of attraction
 f - a potion of degeneration
 h - a potion of ambrosia {unknown}
 j - 2 potions of lignification {unknown}
 m - 2 potions of berserk rage {unknown}


   Skills:
 - Level 2.0 Dodging
 - Level 2.7 Stealth
 + Level 1.3 Shields
 + Level 3.1 Spellcasting
 * Level 3.7 Conjurations
 * Level 4.8 Air Magic
 + Level 1.3 Evocations


You had 8 spell levels left.
You knew the following spells:

 Your Spells              Type           Power      Damage    Failure   Level
a - Shock                 Conj/Air       100%       1d9       3%          1
b - Searing Ray           Conj           32%        2d5       7%          2

Your spell library contained the following spells:

 Spells                   Type           Power      Damage    Failure   Level
 Magic Dart               Conj           64%        1d6       4%          1
 Static Discharge         Conj/Air       54%        2-5/arc   5%          2
 Swiftness                Air            30%        N/A       9%          3
 Airstrike                Air            15%        2d(3-19)  28%         4
 Fulminant Prism          Conj/Hex       4%         3d5       69%         4


Dungeon Overview and Level Annotations

Branches:
Dungeon (4/15)
 Temple: D:4-7

Altars:
Okawaru

Shops:
D:2 ?


Innate Abilities, Weirdness & Mutations

You cannot wear most types of armour.
You are amphibious.
You can wear up to eight rings at the same time.
Your skin changes colour to match your surroundings (Stealth+).
Your rubbery body absorbs attacks. (AC +1, EV +1)
((You are camouflaged when in or above water. (Stealth+)))
You have tentacles for arms and can constrict up to eight enemies at once.
Your muscles are strong. (Str +4, Int/Dex -1)
You expend magic power (3 MP) to strengthen your wands.


Message History

The orc wizard is moderately wounded.
The orc priest hits you with a +0 whip.
* * * LOW HITPOINT WARNING * * *
The orc wizard barely misses you.
The orc priest attacks as you move away!
The orc priest barely misses you.
Casting: Shock (safe; 3% risk of failure)
Confirm with . or Enter, or press ? or * to list all spells.
Aiming: Shock (safe; 3% risk of failure)
Press: ? - help, Shift-Dir - straight line, f/p - orc wizard
Aim: an orc wizard, wielding a +0 dagger and wearing a +1 robe of willpower (moderately wounded, 67% to hit)
You feel a surge of power!
The zap misses the orc.
The zap misses the orc wizard.
You block the orc's attack. The orc priest barely misses you.
The orc wizard casts a spell.
The orc wizard flickers and vanishes!
Deactivating autopickup; reactivate with Ctrl-A.
You feel better. The orc hits you with a +0 short sword.
The orc priest hits you with a +0 whip.
You feel better. The orc closely misses you.
The orc priest casts a cantrip, but nothing happens.
You hear some strange, mumbled words.
You are confused.
You feel better. The orc hits you with a +0 short sword.
The orc priest hits you with a +0 whip. You block something's attack.
You barely miss the orc priest. Your grab misses the orc priest.
The orc barely misses you.
The orc priest mumbles some strange prayers to Beogh against you.
Beogh smites you!
* * * LOW HITPOINT WARNING * * *
You hear some strange, mumbled words.
You are confused.
The orc attacks as you move away! The orc hits you with a +0 short sword.
* * * LOW HITPOINT WARNING * * *
The orc priest casts a cantrip, but nothing happens.
You're too confused to move!
The orc hits you with a +0 short sword.
* * * LOW HITPOINT WARNING * * *
The orc priest looks braver for a moment.
Something hits you.
You die...

#....
#.#.#........#
#.#.#.........
####)#.#.†.......
#......#.........
#......#.........
.. #..o...#.......
.. #....o.##...#
..
#....@.#....#####
..
##...............
..
#####.##.#########
# #.#..........#
#.##########.# #.#
#######.#### #..
........†... ###
#######.####
#.####


You could see an orc priest and an orc.

Vanquished Creatures
  A necrophage (D:2)
  An orc priest (D:2)
  An iguana (D:4)
  2 orc wizards
  9 gnolls
  2 adders
  2 worms (D:4)
  4 orcs
  3 bats
  6 endoplasms
  3 giant cockroaches
  5 hobgoblins
  7 jackals
  6 kobolds
  5 quokkas
  7 ball pythons
  2 frilled lizards
  4 goblins
  3 rats
73 creatures vanquished.

Notes
Turn   | Place    | Note
-------+----------+-------------------------------------------
     0 | D:1      | purpskrrrp the Octopode Air Elementalist began the quest
                  | for the Orb.
     0 | D:1      | Reached XP level 1. HP: 11/11 MP: 3/3
   100 | D:1      | Gained mutation: Your muscles are strong. (Str +4, Int/Dex
                  | -1) [potion of mutation]
   100 | D:1      | Gained mutation: You expend magic power (3 MP) to
                  | strengthen your wands. [potion of mutation]
   101 | D:1      | Reached XP level 2. HP: 4/17 MP: 0/5
  1118 | D:1      | Reached XP level 3. HP: 21/21 MP: 3/6
  1312 | D:2      | Found Doddoiw's Magic Scroll Shoppe.
  1407 | D:2      | Noticed a necrophage
  1703 | D:2      | Reached XP level 4. HP: 27/27 MP: 0/7
  2040 | D:2      | Killed a necrophage
  2041 | D:2      | Reached skill level 4 in Air Magic
  2041 | D:2      | Reached XP level 5. HP: 10/31 MP: 1/9
  2226 | D:2      | Identified 4 scrolls of acquirement
  2226 | D:2      | Acquired 1054 gold pieces
  2227 | D:2      | Acquired a staff of air
  2228 | D:2      | Acquired the +2 buckler of Knowledge {MP+9 Stlth+}
  2229 | D:2      | Acquired a book of Conjurations
  2242 | D:2      | Learned a level 2 spell: Searing Ray
  2488 | D:3      | Found a faded altar of an unknown god.
  2653 | D:3      | Identified the +3 short sword of the Manifold Quests
                  | {flame, rElec Int+5}
  2736 | D:3      | Reached skill level 1 in Evocations
  2736 | D:3      | Reached XP level 6. HP: 36/36 MP: 5/10
  2789 | D:3      | Reached skill level 1 in Shields
  2998 | D:3      | Found an iron altar of Okawaru.
  3051 | D:3      | Identified the +2 robe of Binutifa {rPois Dex+5}
  3653 | D:4      | Slain by an orc wizard

Illustrated notes

Levels and vault maps discovered:
D:1:      dpeg_arrival_boxes_within_box, layout_basic
D:2:      layout_loops_ring, serial_shops, shop, nicolae_kite_square_tiling_tiny
D:3:      layout_rooms, okawaru_metal_pillars_3, ebering_ecumenical_altar_rust
D:4:      layout_basic, minmay_temple_entry_overgrown, ebering_ghost_sewer_d,
          minmay_manual_monstrance, uniq_blork_the_orc

Skill      XL: |  1  2  3  4  5  6 |
---------------+-------------------+-----
Conjurations   | 2 3 |  3.7
Air Magic      | 4 |  4.8
Spellcasting   | 3 |  3.1
Evocations     | 1 |  1.3
Shields        | 1 |  1.3
Dodging        | |  2.0
Stealth        | |  2.7

Action                     |  1- 3 |  4- 6 || total
---------------------------+-------+-------++-------
  Melee: Unarmed           |    22 |     6 ||    28
         Constrict         |     5 |     8 ||    13
         Tentacles         |     4 |     9 ||    13
         Staff             |       |    25 ||    25
   Cast: Shock             |    59 |    79 ||   138
    Use: Potion            |     1 |     3 ||     4
         Scroll            |       |    15 ||    15
   Stab: Sleeping          |       |     1 ||     1
 Armour: Skin              |     2 |     3 ||     5
  Dodge: Dodged            |    15 |    26 ||    41
  Block: Buckler           |       |    11 ||    11

Table legend: (Time is in decaauts)
 A = Elapsed time spent in this place.
 B = Non-inter-level travel time spent in this place.
 C = Inter-level travel time spent in this place.
 D = Time resting spent in this place.
 E = Time spent auto-exploring this place.
 F = Levels seen in this place.
 G = Mean time per level.
                   A        B        C        D        E       F      G
               +--------+--------+--------+--------+--------+-----+--------+
         Total |   3656 |   3468 |    188 |    263 |   2807 |   4 |  914.0 |
       Dungeon |   3656 |   3468 |    188 |    263 |   2807 |   4 |  914.0 |
               +--------+--------+--------+--------+--------+-----+--------+

Top non-repeatable levels by time:
     D:1: 1259 daAuts
     D:2: 1178 daAuts
     D:3: 770 daAuts
     D:4: 448 daAuts
